 Dungeon Crawl Stone Soup version 0.31-a0-704-g1016066182 (webtiles) character file.

Game seed: 15162891355669443571

1456 Conn the Sneak (level 8, -5/48 HPs)
             Began as an Octopode Fire Elementalist on Sept 9, 2023.
             Was an Initiate of Sif Muna.
             Slain by a steam dragon (11 damage)
             ... on level 7 of the Dungeon.
             The game lasted 00:17:39 (6444 turns).

Conn the Sneak (Octopode Fire Elementalist)         Turns: 6444, Time: 00:17:42

Health: -5/48      AC:  1    Str:  7    XL:     8   Next: 76%
Magic:  4/15       EV: 14    Int: 19    God:    Sif Muna [......]
Gold:   200        SH:  0    Dex: 13    Spells: 2/17 levels left

rFire   . . .        a - +0 dagger (protect)
rCold   . . .        (no shield)
rNeg    . . .        (helmet restricted)
rPois   +            (no amulet)
rElec   .            q - ring of poison resistance
rCorr   .            (no ring)
SInv    .            (no ring)
Will    .....        (no ring)
Stlth   ++++         (no ring)
HPRegen 0.28/turn    (no ring)
MPRegen 0.14/turn    (no ring)
                     (no ring)

%: no passive effects
@: no status effects
A: almost no armour, amphibious, 8 rings, camouflage 1, gelatinous body 1,
(nimble swimmer 1), tentacles, subdued magic 2
a: Renounce Religion


You were on level 7 of the Dungeon.
You worshipped Sif Muna.
Sif Muna was noncommittal.
You visited 2 branches of the dungeon, and saw 8 of its levels.

You collected 200 gold pieces.

Inventory:

Hand Weapons
 a - a +0 dagger of protection (weapon)
 b - a +2 shortbow of electrocution
 j - a +4 quarterstaff of chaos
 x - the +2 mace "Sieqodism" {pain, rC++}
   (You found it on level 5 of the Dungeon)

   rC++:      It greatly protects you from cold.
Magical Staves
 d - a staff of poison
Jewellery
 q - a ring of poison resistance (left tentacle)
Wands
 m - a wand of flame (17)
 p - a wand of light (5)
Scrolls
 c - a scroll of noise
 e - 3 scrolls of teleportation
 f - 3 scrolls of immolation
 g - 2 scrolls of enchant armour
 l - a scroll of vulnerability
 n - 2 scrolls of poison
 u - a scroll of fog {unknown}
 y - 3 scrolls of blinking {unknown}
 z - a scroll of amnesia
Potions
 h - 3 potions of curing
 i - 2 potions of attraction
 w - a potion of brilliance {unknown}


   Skills:
 + Level 1.2 Fighting
 + Level 1.3 Ranged Weapons
 + Level 4.2 Dodging
 - Level 6.0 Stealth
 * Level 5.0 Spellcasting
 * Level 5.2 Conjurations
 + Level 1.2 Transmutations
 + Level 4.8 Fire Magic
 * Level 2.1 Invocations


You had 2 spell levels left.
You knew the following spells:

 Your Spells              Type           Power      Damage    Failure   Level
a - Foxfire               Conj/Fire      56%        2x1d6     1%          1
b - Scorch                Fire           28%        2d6       1%          2
c - Inner Flame           Hex/Fire       8%         N/A       10%         3
d - Flame Wave            Conj/Fire      14%        2d6       11%         4
e - Irradiate             Conj/Tmut      5%         3d13      58%         5

Your spell library contained the following spells:

 Spells                   Type           Power      Damage    Failure   Level
 Wereblood                Tmut           5%         N/A       7%          2
 Volatile Blastmotes      Fire/Tloc      16%        2d11      10%         3
 Animate Dead             Necr           3%         N/A       69%         4
 Borgnjor's Vile Clutch   Necr/Erth      1%         N/A       96%         5
 Death Channel            Necr           1%         N/A       100%        6


Dungeon Overview and Level Annotations

Branches:
Dungeon (7/15)             Temple (1/1) D:5

Altars:
Ashenzari
Cheibriados
Elyvilon
Hepliaklqana
Kikubaaqudgha
Makhleb
Nemelex Xobeh
Okawaru
Qazlal
Ru
Sif Muna
Uskayaw
Vehumet
Wu Jian
Xom
Yredelemnul
Zin
The Shining One

Shops:
D:2 :

Annotations:
D:6 Jeremiah
Temple 2 transporters


Innate Abilities, Weirdness & Mutations

You cannot wear most types of armour.
You are amphibious.
You can wear up to eight rings at the same time.
Your skin changes colour to match your surroundings (Stealth+).
Your rubbery body absorbs attacks. (AC +1, EV +1)
((You are camouflaged when in or above water. (Stealth+)))
You have tentacles for arms and can constrict up to eight enemies at once.
Your spells are easier to cast, but less powerful.


Message History

There is a cloud of steam here.
Unknown command.
Unknown command.
You feel better.
The centaur hits you but does no damage.
The centaur kicks you but does no damage.
The steam dragon completely misses you.
The steam dragon claws you but does no damage.
Okay, then.
Unknown command.
Unknown command.
Okay, then.
Unknown command.
Unknown command.
Unknown command.
Unknown command.
You hit the centaur but do no damage.
Your weapon exudes an aura of protection.
The centaur is almost dead.
The centaur barely misses you.
The centaur kicks you but does no damage.
The centaur hits you but does no damage.
The centaur kicks you but does no damage.
The steam dragon breathes steam at the centaur.
The ball of steam hits the centaur!!
The centaur dies!
Unknown command.
Okay, then.
You barely miss the steam dragon.
The steam dragon is lightly wounded.
The steam dragon bites you.
* * * LOW HITPOINT WARNING * * *
The steam dragon claws you but does no damage.
It was a potion of cancellation.
Your magical effects are unravelling.
You feel magically purged.
Your magical contamination has completely faded away.
You feel less wooden.
You flicker back into view.
The steam dragon bites you!
You die...

#........
#.......
#...)... #......
#...... #.§§..#
.. #§§§§D# ###..
#§§..@###.......
#####§..#......#
# ###.#......#.#
###'#.....##.#
#............#
#............#
#..<.......#
#..........#
#..........#


You could see a steam dragon.

Vanquished Creatures
  2 wyverns (D:6)
  A water moccasin (D:5)
  Duvessa (D:6)
  A black bear (D:5)
  A sky beast (D:7)
  An ogre (D:4)
  Dowan (D:6)
  An orc priest (D:4)
  3 hounds
  2 sleepcaps (D:6)
  Crazy Yiuf (D:2)
  An orc wizard (D:5)
  2 iguanas
  Natasha (thrice) (D:2)
  9 adders
  3 shadow imps
  A white imp (D:5)
  An ufetubus (D:6)
  4 worms
  6 dart slugs
  10 orcs
  3 endoplasms
  2 giant cockroaches
  5 goblins
  10 hobgoblins
  5 quokkas
  4 ball pythons
  3 bats
  5 frilled lizards
  10 kobolds
  7 rats
109 creatures vanquished.

Vanquished Creatures (others)
  A centaur (D:7)
  271 foxfires
272 creatures vanquished.

Grand Total: 381 creatures vanquished

Notes
Turn   | Place    | Note
-------+----------+-------------------------------------------
     0 | D:1      | Conn the Octopode Fire Elementalist began the quest for the
                  | Orb.
     0 | D:1      | Reached XP level 1. HP: 11/11 MP: 3/3
   196 | D:1      | Reached XP level 2. HP: 8/17 MP: 0/5
   206 | D:1      | Reached skill level 3 in Stealth
   624 | D:1      | Reached XP level 3. HP: 18/21 MP: 4/6
  1124 | D:1      | Learned a level 2 spell: Scorch
  1128 | D:1      | Learned a level 3 spell: Inner Flame
  1426 | D:2      | Reached XP level 4. HP: 24/27 MP: 0/7
  1506 | D:2      | Found a runed translucent door.
  1507 | D:2      | Noticed Crazy Yiuf
  1537 | D:2      | Killed Crazy Yiuf
  1692 | D:2      | Found Sueleafi's Book Shop.
  1882 | D:2      | Noticed Natasha
  1885 | D:2      | Killed Natasha
  1997 | D:2      | Noticed Natasha
  2002 | D:2      | Killed Natasha
  2003 | D:2      | Reached XP level 5. HP: 31/31 MP: 2/9
  2143 | D:2      | Found a sparkling altar of Nemelex Xobeh.
  2281 | D:2      | Noticed Natasha
  2298 | D:2      | Killed Natasha
  2299 | D:2      | Reached skill level 4 in Stealth
  2532 | D:3      | Learned a level 4 spell: Flame Wave
  2872 | D:3      | Found a glowing golden altar of the Shining One.
  3219 | D:3      | Gained mutation: You are dopey. (Int -2) [potion of
                  | mutation]
  3219 | D:3      | Gained mutation: You are weak. (Str -2) [potion of
                  | mutation]
  3220 | D:3      | Lost mutation: You are dopey. (Int -2) [potion of mutation]
  3220 | D:3      | Lost mutation: You are weak. (Str -2) [potion of mutation]
  3220 | D:3      | Gained mutation: Your flesh is cold resistant. (rC+)
                  | [potion of mutation]
  3220 | D:3      | Gained mutation: You have a beak for a mouth. [potion of
                  | mutation]
  3220 | D:3      | Gained mutation: Your spells are a little easier to cast,
                  | but a little less powerful. [potion of mutation]
  3221 | D:3      | Lost mutation: Your flesh is cold resistant. (rC+) [potion
                  | of mutation]
  3221 | D:3      | Lost mutation: You have a beak for a mouth. [potion of
                  | mutation]
  3221 | D:3      | Gained mutation: Your spells are easier to cast, but less
                  | powerful. [potion of mutation]
  3302 | D:4      | Found a stormy altar of Qazlal.
  3469 | D:3      | Reached XP level 6. HP: 18/36 MP: 3/10
  3711 | D:4      | Found an ancient bone altar of Kikubaaqudgha.
  4455 | D:5      | Entered Level 5 of the Dungeon
  4481 | D:5      | Noticed a black bear
  4489 | D:5      | Killed a black bear
  4489 | D:5      | Noticed a water moccasin
  4490 | D:5      | Reached XP level 7. HP: 41/41 MP: 3/12
  4496 | D:5      | Reached skill level 5 in Stealth
  4661 | D:5      | Found a white marble altar of Elyvilon.
  4689 | D:5      | Found a staircase to the Ecumenical Temple.
  4772 | D:5      | Identified the +0 pair of gloves of Submission {rF+ Int+4}
  4926 | Temple   | Found a transporter.
  4926 | Temple   | Found a transporter.
  4926 | Temple   | Found a transporter.
  4926 | Temple   | Found a transporter.
  4926 | Temple   | Entered the Ecumenical Temple
  4942 | Temple   | Became a worshipper of Sif Muna the Loreminder
  5288 | D:5      | Found an ornate altar of the Wu Jian Council.
  5314 | D:5      | Identified the +2 mace "Sieqodism" {pain, rC++}
  5474 | D:6      | Noticed a wyvern
  5481 | D:6      | Killed a wyvern
  5482 | D:6      | Reached XP level 8. HP: 34/46 MP: 9/14
  5496 | D:6      | Learned a level 5 spell: Irradiate
  5497 | D:6      | Noticed Duvessa
  5497 | D:6      | Noticed Dowan
  5504 | D:6      | Killed Dowan
  5522 | D:6      | Killed Duvessa
  5603 | D:6      | Reached skill level 1 in Invocations
  5675 | D:6      | Noticed Jeremiah
  5716 | D:6      | Found a snail-covered altar of Cheibriados.
  5721 | D:6      | Noticed a wyvern
  5730 | D:6      | Killed a wyvern
  5731 | D:6      | Reached skill level 1 in Ranged Weapons
  5731 | D:6      | Reached skill level 6 in Stealth
  5731 | D:6      | Reached skill level 5 in Conjurations
  6075 | D:6      | Reached skill level 1 in Fighting
  6215 | D:6      | Reached skill level 1 in Transmutations
  6372 | D:7      | Reached skill level 5 in Spellcasting
  6440 | D:7      | HP: 1/72 [steam dragon] (8)]
  6444 | D:7      | Slain by a steam dragon

Illustrated notes

Levels and vault maps discovered:
D:1:      heliophobic_arrival_dark_side_of_the_moon, layout_rooms,
          chequers_arboretum
D:2:      layout_basic, basic_altar, serial_shops, nicolae_book_shop_shelving,
          kennysheep_big_empty_room, uniq_natasha, uniq_crazy_yiuf_cottage
D:3:      layout_basic, lemuel_coloured_pillars_altar, minmay_starry_boxes
D:4:      layout_loops_ring, mainiacjoe_overflow_six_doors_small,
          nicolae_kikubaaqudgha_miasma_corner, st_stairs_9,
          minmay_parallelograms, kennysheep_nondescript
D:5:      layout_basic, elyvilon_altar_4, nicolae_wu_jian_glorious_leap,
          minmay_temple_entry_large_hall
D:6:      layout_basic, cheibriados_altar_1, uniq_duvessa, uniq_jeremiah,
          uniq_blork_the_orc
D:7:      nzn_winding_woodlands_medium [nzn_winding_woodlands_5x5_checkerboard,
          nzn_winding_woodlands_5x15_crooked,
          nzn_winding_woodlands_5x5_open_star, nzn_winding_woodlands_5x5_cross,
          nzn_winding_woodlands_center_lodge, nzn_winding_woodlands_5x5_default,
          nzn_winding_woodlands_5x5_three, nzn_winding_woodlands_5x15_parted,
          nzn_winding_woodlands_5x5_closed_star], layout_basic
Temple:   hellmonk_temple_divided_pantheon

Skill      XL: |  1  2  3  4  5  6  7  8 |
---------------+-------------------------+-----
Stealth        | 3 4 5 6 |  6.0
Conjurations   | 2 3 4 5 |  5.2
Spellcasting   | 3 4 5 |  5.0
Dodging        | 3 4 |  4.2
Fire Magic     | 4 |  4.8
Invocations    | 2 |  2.1
Ranged Weapons | 1 |  1.3
Fighting       | 1 |  1.2
Transmutations | 1 |  1.2

Action                     |  1- 3 |  4- 6 |  7- 9 || total
---------------------------+-------+-------+-------++-------
  Melee: Staff             |    34 |       |       ||    34
         Tentacles         |    10 |     6 |     9 ||    25
         Constrict         |    11 |     6 |     5 ||    22
         Punch             |     1 |       |       ||     1
         Quarterstaff      |       |    27 |     7 ||    34
         Dagger            |       |       |    26 ||    26
   Cast: Foxfire           |    54 |    61 |    49 ||   164
         Scorch            |     5 |    28 |    28 ||    61
         Flame Wave        |       |       |     4 ||     4
         Inner Flame       |       |       |     4 ||     4
    Use: Potion            |     1 |     5 |     8 ||    14
         Scroll            |       |     5 |     4 ||     9
   Stab: Sleeping          |     1 |     6 |     2 ||     9
 Armour: Skin              |    23 |    24 |    54 ||   101
  Dodge: Dodged            |    37 |    23 |    46 ||   106

Table legend: (Time is in decaauts)
 A = Elapsed time spent in this place.
 B = Non-inter-level travel time spent in this place.
 C = Inter-level travel time spent in this place.
 D = Time resting spent in this place.
 E = Time spent auto-exploring this place.
 F = Levels seen in this place.
 G = Mean time per level.
                   A        B        C        D        E       F      G
               +--------+--------+--------+--------+--------+-----+--------+
         Total |   6439 |   6234 |    205 |    339 |   4456 |   8 |  804.9 |
       Dungeon |   6403 |   6209 |    194 |    339 |   4456 |   7 |  914.7 |
        Temple |     36 |     26 |     10 |      0 |      0 |   1 |   36.0 |
               +--------+--------+--------+--------+--------+-----+--------+

Top non-repeatable levels by time:
     D:2: 1432 daAuts
     D:1: 1100 daAuts
     D:4: 1002 daAuts
     D:3: 934 daAuts
     D:5: 886 daAuts
     D:6: 846 daAuts
     D:7: 200 daAuts
  Temple: 36 daAuts
